 Dungeon Crawl Stone Soup version 0.22.1-1-ga44c0e5 (webtiles) character file.

52 Gorglomux the Bolt Thrower (level 3, 0/30 HPs)
             Began as a Barachi Hunter on Oct 21, 2018.
             Slain by a kobold (2 damage)
             ... on level 1 of the Dungeon.
             The game lasted 00:02:24 (786 turns).

Gorglomux the Bolt Thrower (Barachi Hunter)          Turns: 786, Time: 00:02:24

Health: 0/30       AC:  3    Str: 14    XL:     3   Next: 85%
Magic:  3/3        EV: 17    Int: 16    God:
Gold:   23         SH:  0    Dex: 17    Spells: 2/2 levels left

rFire    . . .     SeeInvis .   a - +1 hand crossbow
rCold    . . .     Gourm    .   (no shield)
rNeg     . . .     Faith    .   c - +0 leather armour
rPois    +         Spirit   .   (no helmet)
rElec    .         Reflect  .   (no cloak)
rCorr    .         Harm     .   (no gloves)
MR       .....     Rnd*Tele +   (no boots)
Stlth    +++.......             (no amulet)
HPRegen  0.10/turn              (no ring)
MPRegen  0.08/turn              (no ring)

@: brilliant, agile, can't hop, slow
A: +LOS, swims, poison resistance, slowness 1, teleportitis 1, strong legs 1
a: Hop


You were on level 1 of the Dungeon.
You were not hungry.

You visited 1 branch of the dungeon, and saw 2 of its levels.

You collected 23 gold pieces.

Inventory:

Hand Weapons
 a - a +1 hand crossbow (weapon)
 b - a +0 short sword
Missiles
 d - 15 bolts (quivered)
Armour
 c - a +0 leather armour (worn)
Potions
 h - a potion of mutation {!q}
Comestibles
 f - a ration


   Skills:
 + Level 3.8 Fighting
 - Level 4.0 Crossbows
 - Level 2.1 Dodging
 + Level 2.5 Stealth


You had 2 spell levels left.
You didn't know any spells.
Your spell library was empty.

Dungeon Overview and Level Annotations

Branches:
Dungeon (2/15)

Altars:


Innate Abilities, Weirdness & Mutations

Shadows flee at your approach. (+LOS)
You can swim through water.
You cover ground slowly.
You can hop short distances.
Your system is resistant to poisons. (rPois)
You are occasionally teleported next to monsters.


Message History

Firing (i - butt)
d - 18 bolts (quivered)
Press: ? - help, Shift-Dir - straight line, f/p - gnoll
Aim: a gnoll (severely wounded)
You shoot a bolt! The bolt hits the gnoll!!!
You annihilate the gnoll!!!
Firing (i - inventory)
d - 17 bolts (quivered)
Butts: ? - help, Shift-Dir - straight line, f - gnoll
Aim: a gnoll, wielding a club You shoot a butt!
The bolt hits the gnoll!!!
The gnoll is severely wounded!
The gnoll hits you with a club! * * * don't die
* * * The butt barely misses you!
Firing (i - inventory)
d - 16 bolts (quivered)
Press: ? - help, Shift-Dir - straight line, f/p - gnoll
Aim: a gnoll, wielding a club (severely wounded)
You shoot a bolt! The bolt butts the gnoll!!!
You annihilate the gnoll!!!
The kobold hits you! rip

#...###..### ####..........
#.....###..### #.....###..#.)
### #...>)........ ....
#......##..#.. ...# ....
#..)...##..# ....## .....
#......##..###....... ....
#......##..)@K....... ....
#..........###..(?... ..
##.........##################
#.........#.....###........#
#...........+.......'........+
#......#....#.......#........#
#.............#.....#.........
#.....#####...#.........#####.
#.............#$........# #.


You could see a kobold.

Vanquished Creatures
  4 gnolls (D:1)
  A leopard gecko (D:1)
  A giant cockroach (D:1)
  2 goblins (D:1)
  3 hobgoblins (D:1)
  A bat (D:1)
  A frilled lizard (D:1)
  2 rats (D:1)
15 creatures vanquished.

Notes
Turn   | Place    | Note
-------+----------+-------------------------------------------
     0 | D:1      | Gorglomux the Barachi Hunter began the quest for the Orb.
     0 | D:1      | Reached XP level 1. HP: 17/17 MP: 1/1
    23 | D:1      | Reached skill level 1 in Stealth
   328 | D:1      | Reached XP level 2. HP: 22/23 MP: 2/2
   343 | D:1      | Reached skill level 3 in Fighting
   555 | D:1      | Reached XP level 3. HP: 9/29 MP: 3/3
   772 | D:1      | Gained mutation: You are occasionally teleported next to
                  | monsters. [potion of mutation]
   772 | D:1      | Gained mutation: Your system is resistant to poisons.
                  | (rPois) [potion of mutation]
   786 | D:1      | Slain by a kobold

Skill      XL: |  1  2 |
---------------+-------+-----
Stealth        | 1 2 |  2.5
Fighting       | 3 |  3.8
Crossbows      | |  4.0
Dodging        | |  2.1

Action                   || total
-------------------------++-------
Melee: Short sword       ||    29
 Fire: Hand crossbow     ||    23
 Abil: Hop               ||     4
  Use: Potion            ||     3
 Stab: Sleeping          ||     1
Armor: Leather armour    ||     9
Dodge: Dodged            ||    28
